 Dungeon Crawl Stone Soup version 0.17.1-3-g152610e (webtiles) character file.

343 ololoev the Chopper (level 6, 0/47 HPs)
             Began as a Demonspawn Fighter on Feb 18, 2016.
             Killed by nerve-wracking pain
             ... invoked by a shadow imp
              (7 damage)
             ... on level 5 of the Dungeon.
             The game lasted 00:05:57 (668 turns).

ololoev the Chopper (Demonspawn Fighter)             Turns: 668, Time: 00:05:57

Health: 0/47       AC: 18    Str: 19    XL:     6   Next: 31%
Magic:  6/6        EV:  7    Int:  9    God:
Gold:   64         SH:  8    Dex: 10    Spells: 0 memorised, 5 levels left

rFire  + . .     SeeInvis .     a - +0 war axe
rCold  . . .     Clarity  .     b - +0 scale mail
rNeg   . . .     SustAt   .     c - +0 shield
rPois  .         Gourm    .     g - +2 helmet
rElec  .         Spirit   .     i - +0 cloak
rCorr  .         Warding  .     (no gloves)
rMut   .         Stasis   .     (no boots)
MR     .....                    (no amulet)
Stlth  ..........               (no ring)
                                q - ring of protection from fire

@: not resistant to hostile enchantments, extremely unstealthy
A: rough black scales 2, spiny 1
a: no special abilities


Innate Abilities, Weirdness & Mutations

You are mostly covered in rough black scales (AC +7, Dex -2).
You are partially covered in sharp spines.

Inventory:

Hand Weapons
 a - a +0 war axe (weapon)
Missiles
 d - 7 javelins (quivered)
Armour
 b - a +0 scale mail (worn)
 c - a +0 shield (worn)
 g - a +2 helmet (worn)
 i - a +0 cloak (worn)
Jewellery
 q - a ring of protection from fire (left hand)
Wands
 p - a wand of draining (5)
Scrolls
 f - a scroll of amnesia {unknown}
 k - 3 scrolls of teleportation {unknown}
 l - a scroll of enchant weapon {unknown}
 m - a scroll of blinking {unknown}
 n - 4 scrolls of identify {unknown}
 o - 2 scrolls of remove curse {unknown}
Comestibles
 e - 2 bread rations
 h - 2 meat rations
 j - a beef jerky


   Skills:
 - Level 3.0 Fighting
 * Level 4.7 Axes
 + Level 1.9 Throwing
 + Level 4.1 Armour
 - Level 2.6 Shields


You had 5 spell levels left.
You didn't know any spells.


You were on level 5 of the Dungeon.
You were not hungry.

You visited 1 branch of the dungeon, and saw 5 of its levels.

You collected 64 gold pieces.

########## #........#
#........# ...
#........# ...
#........# #..
#........########.###
+............@5....>.
#........###.####..##
#........# #.# #..#
##........# #.# #†.#
#.........###.## #..#
##...##.........# #<.#
#8...8#.........####.#
##...##..........# .#
#...##........#.# .#

Notes
Turn   | Place    | Note
--------------------------------------------------------------
     0 | D:1      | ololoev the Demonspawn Fighter began the quest for the Orb.
     0 | D:1      | Reached XP level 1. HP: 18/18 MP: 1/1
   213 | D:4      | Gained mutation: You are partially covered in rough black scales (AC +4, Dex -1). [demonic ancestry]
   213 | D:4      | Reached XP level 2. HP: 24/24 MP: 2/2
   340 | D:4      | Noticed a scorpion
   346 | D:4      | Killed a scorpion
   346 | D:4      | Gained mutation: You are partially covered in sharp spines. [demonic ancestry]
   346 | D:4      | Reached XP level 3. HP: 15/29 MP: 3/3
   379 | D:4      | Noticed Robin
   383 | D:4      | Gained mutation: You are mostly covered in rough black scales (AC +7, Dex -2). [demonic ancestry]
   383 | D:4      | Reached XP level 4. HP: 27/35 MP: 4/4
   391 | D:4      | Killed Robin
   441 | D:5      | Entered Level 5 of the Dungeon
   593 | D:5      | Reached XP level 5. HP: 24/41 MP: 5/5
   606 | D:5      | Noticed an ice beast
   617 | D:5      | Killed an ice beast
   617 | D:5      | Reached skill level 4 in Axes
   617 | D:5      | Reached skill level 1 in Throwing
   627 | D:5      | Noticed an ice beast
   634 | D:5      | Killed an ice beast
   634 | D:5      | Reached XP level 6. HP: 8/47 MP: 6/6
   668 | D:5      | Killed from afar by a shadow imp

Dungeon Overview and Level Annotations

Branches:
Dungeon (5/15)
 Temple: D:4-7

Altars:


Message History

The shadow imp is heavily wounded.
You block the shadow imp's attack. You block the ice beast's attack.
The shadow imp is struck by your spines.
The shadow imp closely misses you. The ice beast closely misses you.
You slash the ice beast!
The ice beast is severely wounded.
You barely miss the shadow imp.
The shadow imp is severely wounded.
You block the shadow imp's attack. The ice beast is struck by your spines.
The ice beast hits you. The ice beast freezes you.
Unknown command.
You hit the ice beast.
You kill the ice beast!
You have reached level 6!
Your experience leads to an increase in your attributes!
Increase (S)trength, (I)ntelligence, or (D)exterity?
You feel stronger.
You barely miss the shadow imp.
The shadow imp is severely wounded.
The shadow imp is struck by your spines.
You kill the shadow imp!
n - 4 scrolls labeled GAH IXKUYSYM (gained 3)
Found a bread ration.
p - a wand of draining
e - 2 bread rations (gained 1)
A shadow imp comes into view.
You hit the shadow imp.
The shadow imp is lightly wounded.
You block the shadow imp's attack.
The shadow imp is struck by your spines.
The shadow imp hits you but does no damage.
You completely miss the shadow imp.
The shadow imp is heavily wounded.
The shadow imp gestures at you. Pain shoots through your body!
You hit the shadow imp but do no damage.
The shadow imp is heavily wounded.
The shadow imp gestures at you. Pain shoots through your body!
You die...

You could see a shadow imp.

Vanquished Creatures
  2 ice beasts (D:5)
  A scorpion (D:4)
  An orc priest (D:5)
  A worker ant (D:5)
  Robin (D:4)
  A shadow imp (D:5)
  An adder skeleton (D:5)
  4 orcs (D:5)
  4 giant cockroaches
  11 goblins
  3 hobgoblins
  A quokka (D:5)
  2 giant newts (D:4)
  2 kobolds
35 creatures vanquished.

Action                   |  1- 3 |  4- 6 || total
-------------------------+-------+-------++-------
Melee: War axe           |    38 |    43 ||    81
  Use: Potion            |     2 |     1 ||     3

Vault maps used:
D:1:      arrival_zaba_pyramid
D:2:      kennysheep_generic_room_14
D:3:      elyvilon_altar_4, minmay_lizard_king
D:4:      temple_statues, uniq_robin
D:5:      first_bread, corner_web_ring, corexii_hall_statues_t, minmay_holes
